MWL (24 & UNDER)
MINNESOTA DEATH STARS @ CINCINNATI PRIDE
08/27/2024
 
TOP OF THE 1ST
Minnesota Death Stars batting - Pitching for Cincinnati Pride : LHP Pedro Orozco
Pitching: LHP Pedro Orozco
Batting: RHB José Pérez 0-0: Swinging Strike
0-1: Ball
1-1: TRIPLE (Line Drive, 9LM)
Batting: RHB Peter Dixon 0-0: Called Strike
0-1: Called Strike
0-2: Ground out 1-3 (Groundball, 23)
Batting: LHB Chris Loudermilk 0-0: Ball
1-0: Ball
2-0: Ball
3-0: Called Strike
3-1: Called Strike
3-2: Base on Balls
Batting: RHB Herb Ashley 0-0: Foul Ball, location: 2F
0-1: Ball
1-1: Foul Ball, location: 2F
1-2: Ball
2-2: Ball
3-2: Base on Balls
Chris Loudermilk to second
Batting: RHB Jorge Martínez 0-0: SINGLE (Line Drive, 89M)
José Pérez scores
Chris Loudermilk to third
Herb Ashley to second
Runner from 3rd tries for Home, SAFE, no throw or cutoff
Batting: LHB Sixto Cortés 0-0: Called Strike
0-1: Grounds into double play, U6-3 (Groundball, 6M)
Top of the 1st over - 2 run(s), 2 hit(s), 0 error(s), 1 left on base; Minnesota 2 - Cincinnati 0
BOTTOM OF THE 1ST
Cincinnati Pride batting - Pitching for Minnesota Death Stars : LHP Keith Jennings
Pitching: LHP Keith Jennings
Batting: RHB Larry Booth 0-0: Foul Ball, location: 2F
0-1: Called Strike
0-2: Ball
1-2: Strikes out swinging
Batting: RHB Gabriel Villegas 0-0: Called Strike
0-1: Ball
1-1: Ball
2-1: Called Strike
2-2: Ball
3-2: Foul Ball, location: 2F
3-2: Strikes out swinging
Batting: RHB Michael Skinner 0-0: Called Strike
0-1: Ball
1-1: DOUBLE (Popup, 4MD)
Batting: RHB Roberto Chávez 0-0: Ball
1-0: SINGLE (Groundball, 6D)
Michael Skinner to third
Runner from 3rd tries for Home, SAFE, no throw or cutoff
Batting: RHB Randy Simons 0-0: Called Strike
Roberto Chávez steals 2nd base
0-1: Ball
1-1: Foul Ball, location: 2F
1-2: Ground out 1-3 (Groundball, 13S)
Bottom of the 1st over - 1 run(s), 2 hit(s), 0 error(s), 1 left on base; Minnesota 2 - Cincinnati 1
TOP OF THE 2ND
Minnesota Death Stars batting - Pitching for Cincinnati Pride : LHP Pedro Orozco
Batting: LHB Lucas Coleman 0-0: Ball
1-0: Foul Ball, location: 2F
1-1: Ball
2-1: Ground out 4-3 (Groundball, 4)
Batting: RHB Leslie Penn 0-0: Ball
1-0: Ball
2-0: Ball
3-0: Called Strike
3-1: Base on Balls
Batting: RHB John Brown 0-0: SINGLE (Line Drive, 34)
Leslie Penn to second
Batting: RHB José Pérez 0-0: Called Strike
0-1: Ball
1-1: Foul Ball, location: 2F
1-2: Foul Ball, location: 2F
1-2: Hit by Pitch
Leslie Penn to third
John Brown to second
Batting: RHB Peter Dixon 0-0: Ball
1-0: Ball
2-0: Called Strike
2-1: Foul Ball, location: 2F
2-2: Ball
3-2: Foul Ball, location: 2F
3-2: Base on Balls
Leslie Penn scores
John Brown to third
José Pérez to second
Batting: LHB Chris Loudermilk 0-0: Swinging Strike
0-1: Ball
1-1: Ball
2-1: Fly out, F3 (Line Drive, 3)
2-1: Lined into DP, U3 (Line Drive, 3)
Top of the 2nd over - 1 run(s), 1 hit(s), 0 error(s), 2 left on base; Minnesota 3 - Cincinnati 1
BOTTOM OF THE 2ND
Cincinnati Pride batting - Pitching for Minnesota Death Stars : LHP Keith Jennings
Batting: SHB Rafael Villa 0-0: Ball
1-0: Ball
2-0: Called Strike
2-1: Ball
3-1: SINGLE (Groundball, 6MD)
Batting: SHB Jorge García 0-0: Ball
1-0: Foul Ball, location: 2F
1-1: Foul Ball, location: 2F
1-2: Ball
2-2: Fly out, F8 (Flyball, 89M)
Batting: LHB Marvin Morris 0-0: Called Strike
0-1: Swinging Strike
0-2: Strikes out swinging
Batting: RHB Norris Howard 0-0: Foul Ball, location: 2F
0-1: Fielders Choice at 2nd, 5-4 (Groundball, 56)
Bottom of the 2nd over - 0 run(s), 1 hit(s), 0 error(s), 0 left on base; Minnesota 3 - Cincinnati 1
TOP OF THE 3RD
Minnesota Death Stars batting - Pitching for Cincinnati Pride : LHP Pedro Orozco
Batting: RHB Herb Ashley 0-0: Ball
1-0: Called Strike
1-1: Ball
2-1: Swinging Strike
2-2: Strikes out swinging
Batting: RHB Jorge Martínez 0-0: Ball
1-0: Foul Ball, location: 2F
1-1: Swinging Strike
1-2: Foul Ball, location: 2F
1-2: Ball
2-2: Fly out, F3 (Line Drive, 3)
Batting: LHB Sixto Cortés 0-0: Ball
1-0: Called Strike
1-1: Called Strike
1-2: Ball
2-2: Strikes out swinging
Top of the 3rd over - 0 run(s), 0 hit(s), 0 error(s), 0 left on base; Minnesota 3 - Cincinnati 1
BOTTOM OF THE 3RD
Cincinnati Pride batting - Pitching for Minnesota Death Stars : LHP Keith Jennings
Batting: RHB Larry Booth 0-0: Foul Ball, location: 2F
0-1: Foul Ball, location: 2F
0-2: Fly out, F8 (Flyball, 8RM)
Batting: RHB Gabriel Villegas 0-0: Called Strike
0-1: Ball
1-1: Called Strike
1-2: Ball
2-2: Strikes out swinging
Batting: RHB Michael Skinner 0-0: Ground out 6-3 (Groundball, 6)
Bottom of the 3rd over - 0 run(s), 0 hit(s), 0 error(s), 0 left on base; Minnesota 3 - Cincinnati 1
TOP OF THE 4TH
Minnesota Death Stars batting - Pitching for Cincinnati Pride : LHP Pedro Orozco
Batting: LHB Lucas Coleman 0-0: Ball
1-0: Ball
2-0: Ball
3-0: Called Strike
3-1: Swinging Strike
3-2: Base on Balls
Batting: RHB Leslie Penn 0-0: Called Strike
0-1: Ball
1-1: Grounds into double play, 6-4-3 (Groundball, 6)
Batting: RHB John Brown 0-0: Called Strike
0-1: Foul Ball, location: 2F
0-2: Ball
1-2: Foul Ball, location: 2F
1-2: Ball
2-2: Ball
3-2: SINGLE (Flyball, 8LS)
Batting: RHB José Pérez 0-0: Ball
1-0: Ball
2-0: Called Strike
2-1: Swinging Strike
2-2: Strikes out looking
Top of the 4th over - 0 run(s), 1 hit(s), 0 error(s), 1 left on base; Minnesota 3 - Cincinnati 1
BOTTOM OF THE 4TH
Cincinnati Pride batting - Pitching for Minnesota Death Stars : LHP Keith Jennings
Batting: RHB Roberto Chávez 0-0: Ball
1-0: Ball
2-0: Foul Ball, location: 2F
2-1: Swinging Strike
2-2: Foul Ball, location: 2F
2-2: Foul Ball, location: 2F
2-2: Ball
3-2: Base on Balls
Batting: RHB Randy Simons 0-0: Ball
1-0: DOUBLE (Line Drive, 5D)
Roberto Chávez to third
Batting: SHB Rafael Villa 0-0: DOUBLE (Flyball, 78XD)
Roberto Chávez scores
Randy Simons scores
Batting: SHB Jorge García 0-0: Called Strike
0-1: Foul Ball, location: 2F
0-2: Foul Ball, location: 2F
0-2: Strikes out swinging
Batting: LHB Marvin Morris 0-0: Ball
1-0: Ball
2-0: Called Strike
2-1: Ground out 4-3 (Groundball, 4M)
Rafael Villa to third
Batting: RHB Norris Howard 0-0: DOUBLE (Line Drive, 7LS)
Rafael Villa scores
Batting: RHB Larry Booth 0-0: Ball
1-0: Foul Ball, location: 2F
1-1: Ball
2-1: Called Strike
2-2: SINGLE (Line Drive, 7LS)
Norris Howard to third
Batting: RHB Gabriel Villegas 0-0: Called Strike
0-1: Fly out, F8 (Line Drive, 8RS)
Bottom of the 4th over - 3 run(s), 4 hit(s), 0 error(s), 2 left on base; Minnesota 3 - Cincinnati 4
TOP OF THE 5TH
Minnesota Death Stars batting - Pitching for Cincinnati Pride : LHP Pedro Orozco
Batting: RHB Peter Dixon 0-0: Called Strike
0-1: Ball
1-1: Foul Ball, location: 2F
1-2: Foul Ball, location: 2F
1-2: Ball
2-2: Foul Ball, location: 2F
2-2: Foul Ball, location: 2F
2-2: Strikes out swinging
Pitching: RHP José Gonzáles
Batting: LHB Chris Loudermilk 0-0: Called Strike
0-1: Ball
1-1: Foul Ball, location: 2F
1-2: Fly out, F6 (Line Drive, 6)
Batting: RHB Herb Ashley 0-0: Foul Ball, location: 2F
0-1: Foul Ball, location: 2F
0-2: Foul Ball, location: 2F
0-2: DOUBLE (Line Drive, 5L)
Batting: RHB Jorge Martínez 0-0: Foul Ball, location: 2F
0-1: Foul Ball, location: 2F
0-2: Ball
1-2: Strikes out swinging
Top of the 5th over - 0 run(s), 1 hit(s), 0 error(s), 1 left on base; Minnesota 3 - Cincinnati 4
BOTTOM OF THE 5TH
Cincinnati Pride batting - Pitching for Minnesota Death Stars : LHP Keith Jennings
Batting: RHB Michael Skinner 0-0: Swinging Strike
0-1: Swinging Strike
0-2: Foul Ball, location: 2F
0-2: Foul Ball, location: 2F
0-2: Foul Ball, location: 2F
0-2: Strikes out swinging
Batting: RHB Roberto Chávez 0-0: Called Strike
0-1: Foul Ball, location: 2F
0-2: Ball
1-2: Strikes out swinging
Batting: RHB Randy Simons 0-0: Ball
1-0: Fly out, F3 (Popup, 3F)
Bottom of the 5th over - 0 run(s), 0 hit(s), 0 error(s), 0 left on base; Minnesota 3 - Cincinnati 4
TOP OF THE 6TH
Minnesota Death Stars batting - Pitching for Cincinnati Pride : RHP José Gonzáles
Batting: LHB Sixto Cortés 0-0: Ball
1-0: Ball
2-0: Ball
3-0: Called Strike
3-1: Called Strike
3-2: Base on Balls
Batting: LHB Lucas Coleman 0-0: SINGLE (Groundball, 34)
Sixto Cortés to second
Runner from 2nd tries for 3rd, SAFE, throw made to third
Batting: RHB Leslie Penn 0-0: Ball
1-0: Foul Ball, location: 2F
1-1: Called Strike
1-2: Ball
2-2: Foul Ball, location: 2F
2-2: Foul Ball, location: 2F
2-2: DOUBLE (Line Drive, 5D)
Sixto Cortés scores
Lucas Coleman to third
Batting: RHB John Brown 0-0: Called Strike
0-1: Foul Ball, location: 2F
0-2: Ball
1-2: Ball
2-2: Strikes out swinging
Batting: RHB José Pérez 0-0: Swinging Strike
0-1: Called Strike
0-2: Fly out, F7 (Flyball, 7M)
Runner from 3rd tags up, SCORES, no throw
Batting: RHB Peter Dixon 0-0: Ball
1-0: Ball
2-0: Foul Ball, location: 2F
2-1: SINGLE (Line Drive, 56D)
Leslie Penn to third
Runner from 3rd tries for Home, SAFE, throw made home
Peter Dixon to second
Pitching: RHP Darrell Stanley
Batting: LHB Chris Loudermilk 0-0: Fly out, F9 (Flyball, 9M)
Top of the 6th over - 3 run(s), 3 hit(s), 0 error(s), 1 left on base; Minnesota 6 - Cincinnati 4
BOTTOM OF THE 6TH
Cincinnati Pride batting - Pitching for Minnesota Death Stars : LHP Keith Jennings
Pitching: RHP Jeremias Pereirinha
Batting: SHB Rafael Villa 0-0: Ball
1-0: Ball
2-0: Fly out, F8 (Flyball, 8RM)
Batting: SHB Jorge García 0-0: Ball
1-0: Called Strike
1-1: Called Strike
1-2: Foul Ball, location: 2F
1-2: Strikes out swinging
Batting: LHB Marvin Morris 0-0: Called Strike
0-1: Ball
1-1: Called Strike
1-2: Foul Ball, location: 2F
1-2: Ball
2-2: Ball
3-2: Strikes out swinging
Bottom of the 6th over - 0 run(s), 0 hit(s), 0 error(s), 0 left on base; Minnesota 6 - Cincinnati 4
TOP OF THE 7TH
Minnesota Death Stars batting - Pitching for Cincinnati Pride : RHP Darrell Stanley
Batting: RHB Herb Ashley 0-0: Swinging Strike
0-1: Foul Ball, location: 2F
0-2: Strikes out swinging
Batting: RHB Jorge Martínez 0-0: Reached on error, E5 (Groundball, 15S)
Batting: LHB Sixto Cortés 0-0: Ball
1-0: Ball
2-0: Called Strike
2-1: Foul Ball, location: 2F
2-2: Strikes out swinging
Batting: LHB Lucas Coleman 0-0: Foul Ball, location: 2F
0-1: Ball
1-1: Called Strike
1-2: Foul Ball, location: 2F
1-2: Ball
2-2: Ball
3-2: Base on Balls
Batting: RHB Leslie Penn 0-0: Ball
1-0: Called Strike
1-1: Foul Ball, location: 2F
1-2: Ball
2-2: Fly out, F3 (Popup, 4S)
Top of the 7th over - 0 run(s), 0 hit(s), 1 error(s), 2 left on base; Minnesota 6 - Cincinnati 4
BOTTOM OF THE 7TH
Cincinnati Pride batting - Pitching for Minnesota Death Stars : RHP Jeremias Pereirinha
Batting: RHB Norris Howard 0-0: Called Strike
0-1: Ball
1-1: Foul Ball, location: 2F
1-2: SINGLE (Groundball, 5D)
Batting: RHB Larry Booth 0-0: Ball
1-0: Ball
2-0: Foul Ball, location: 2F
2-1: Sac Bunt - play at first, batter OUT! 1-3
Norris Howard to second
Batting: RHB Gabriel Villegas 0-0: Called Strike
Passed Ball!
Norris Howard to third
0-1: Ball
1-1: Foul Ball, location: 2F
1-2: Strikes out swinging
Batting: RHB Michael Skinner 0-0: Ball
1-0: Ground out 6-3 (Groundball, 6M)
Bottom of the 7th over - 0 run(s), 1 hit(s), 0 error(s), 1 left on base; Minnesota 6 - Cincinnati 4
TOP OF THE 8TH
Minnesota Death Stars batting - Pitching for Cincinnati Pride : RHP Darrell Stanley
Batting: RHB John Brown 0-0: Ball
1-0: Swinging Strike
1-1: Ball
2-1: Foul Ball, location: 2F
2-2: Fly out, F1 (Line Drive, 15)
Batting: RHB José Pérez 0-0: Foul Ball, location: 2F
0-1: Called Strike
0-2: Ball
1-2: SINGLE (Popup, 4MD)
Batting: RHB Peter Dixon 0-0: Ball
1-0: Ball
2-0: Fly out, F4 (Popup, 4)
Batting: LHB Chris Loudermilk 0-0: Ball
1-0: Ball
2-0: Ball
3-0: Called Strike
3-1: Fly out, F5 (Flyball, 5L)
Top of the 8th over - 0 run(s), 1 hit(s), 0 error(s), 1 left on base; Minnesota 6 - Cincinnati 4
BOTTOM OF THE 8TH
Cincinnati Pride batting - Pitching for Minnesota Death Stars : RHP Jeremias Pereirinha
Pitching: RHP Dylan Versluis
Batting: RHB Roberto Chávez 0-0: Ball
1-0: Foul Ball, location: 2F
1-1: Ground out 1-3 (Groundball, 15S)
Batting: RHB Randy Simons 0-0: Ball
1-0: Foul Ball, location: 2F
1-1: Ball
2-1: Ball
3-1: Foul Ball, location: 2F
3-2: Foul Ball, location: 2F
3-2: Foul Ball, location: 2F
3-2: Base on Balls
Pitching: RHP Howard Jewel
Batting: SHB Rafael Villa 0-0: Ball
1-0: Fly out, F9 (Flyball, 9M)
Batting: SHB Jorge García 0-0: Called Strike
0-1: Ball
1-1: Foul Ball, location: 2F
1-2: Ball
2-2: Ball
3-2: Foul Ball, location: 2F
3-2: Hit by Pitch
Randy Simons to second
Batting: LHB Marvin Morris 0-0: Called Strike
0-1: Ball
1-1: Swinging Strike
1-2: Strikes out swinging
Bottom of the 8th over - 0 run(s), 0 hit(s), 0 error(s), 2 left on base; Minnesota 6 - Cincinnati 4
TOP OF THE 9TH
Minnesota Death Stars batting - Pitching for Cincinnati Pride : RHP Darrell Stanley
Batting: RHB Herb Ashley 0-0: Fly out, F9 (Flyball, 9M)
Batting: RHB Jorge Martínez 0-0: Called Strike
0-1: Ball
1-1: Foul Ball, location: 2F
1-2: SINGLE (Flyball, 8RM)
Batting: LHB Sixto Cortés 0-0: Ball
1-0: Ball
2-0: Swinging Strike
2-1: Called Strike
2-2: Ball
Jorge Martínez is caught stealing 2nd base
3-2: Strikes out looking
Top of the 9th over - 0 run(s), 1 hit(s), 0 error(s), 0 left on base; Minnesota 6 - Cincinnati 4
BOTTOM OF THE 9TH
Cincinnati Pride batting - Pitching for Minnesota Death Stars : RHP Howard Jewel
Pitching: RHP Octávio López
Batting: RHB Norris Howard 0-0: Swinging Strike
0-1: Ball
1-1: Swinging Strike
1-2: Foul Ball, location: 2F
1-2: Ball
2-2: DOUBLE (Line Drive, 7LM)
Batting: RHB Larry Booth 0-0: Ball
1-0: Called Strike
1-1: Foul Ball, location: 2F
1-2: Strikes out swinging
Batting: RHB Gabriel Villegas 0-0: Foul Ball, location: 2F
0-1: Called Strike
0-2: Strikes out looking
Pinch Hitting: LHB Wes Stone 0-0: Ball
1-0: Ball
2-0: Foul Ball, location: 2F
2-1: Foul Ball, location: 2F
2-2: Foul Ball, location: 2F
2-2: Fly out, F9 (Flyball, 9M)
Bottom of the 9th over - 0 run(s), 1 hit(s), 0 error(s), 1 left on base; Minnesota 6 - Cincinnati 4
This league is powered by Out of the Park Baseball, the baseball management simulation game for PC, Mac and Linux
Saturday, April 9th, 2016 - OOTP Baseball 16.8 Build 38